 Dungeon Crawl Stone Soup version 0.29.1-13-g9f3cf754e1 (webtiles) character file.

Game seed: 7276199783999292199

37 retardedninja the Covered (level 3, -1/23 HPs)
             Began as a Gargoyle Fighter on Jan 24, 2023.
             Constricted to death by Terence (4 damage)
             ... on level 2 of the Dungeon.
             The game lasted 00:02:35 (2014 turns).

retardedninja the Covered (Gargoyle Fighter)        Turns: 2014, Time: 00:02:35

Health: -1/23      AC: 11    Str: 21    XL:     3   Next: 41%
Magic:  3/3        EV:  6    Int:  8    God:
Gold:   62         SH:  4    Dex:  9    Spells: 2/2 levels left

rFire   . . .      SeeInvis .   a - +0 flail
rCold   . . .      Faith    .   c - +0 buckler
rNeg    + . .      Spirit   .   b - +0 scale mail
rPois   ∞          Reflect  .   m - +0 helmet
rElec   +          Harm     .   (no cloak)
rCorr   .          Rampage  .   (no gloves)
Will    .....                   (no boots)
Stlth   ..........              (no amulet)
HPRegen 0.07/turn               (no ring)
MPRegen 0.08/turn               (no ring)

@: mighty, grasped by roots, constricted
A: sickness immunity, AC +3, negative energy resistance 1, electricity
resistance, torment resistance 1, petrification resistance
a: no special abilities


You were on level 2 of the Dungeon.
You visited 1 branch of the dungeon, and saw 2 of its levels.

You collected 62 gold pieces.

Inventory:

Hand Weapons
 a - a +0 flail (weapon)
Missiles
 f - 3 boomerangs (quivered)
Armour
 b - a +0 scale mail (worn)
 c - a +0 buckler (worn)
 m - a +0 helmet (worn)
Scrolls
 e - 2 scrolls of amnesia {unknown}
 g - a scroll of vulnerability {unknown}
 j - a scroll of magic mapping {unknown}
 k - a scroll of enchant armour {unknown}
 o - a scroll of immolation {unknown}
Potions
 h - a potion of brilliance {unknown}
 i - a potion of curing
 l - a potion of haste {unknown}
 n - a potion of heal wounds {unknown}


   Skills:
 + Level 3.6 Fighting
 * Level 2.8 Maces & Flails
 + Level 0.2 Throwing
 + Level 3.6 Armour
 + Level 3.6 Shields


You had 2 spell levels left.
You didn't know any spells.
Your spell library was empty.

Dungeon Overview and Level Annotations

Branches:
Dungeon (2/15)

Altars:

Annotations:
D:2 Terence


Innate Abilities, Weirdness & Mutations

You are immune to sickness and miasma.
Your stone body is resilient. (AC +3)
You are immune to poison.
You resist negative energy. (rN+)
You are resistant to electric shocks. (rElec)
You are resistant to unholy torment.
You are immune to petrification.


Message History

You hear a shout! x3
You hit something. Something hits you.
You are constricted.
* * * LOW HITPOINT WARNING * * *
The grasping roots release their grip on you.
You closely miss something. Something hits you.
* * * LOW HITPOINT WARNING * * *
It was a potion of curing.
You feel better. Something hits you.
* * * LOW HITPOINT WARNING * * *
You feel better. Something hits you but does no damage.
You hit something but do no damage. Something hits you but does no damage.
You block something's attack.
You closely miss something. Something hits you but does no damage.
You miss something. Something hits you but does no damage.
You miss something. Something hits you but does no damage. Something hits you.
You closely miss something.
You hear a zap.
The roots erupt in riotous growth!
The grasping roots grab you!
You are constricted.
You sock something! You block something's attack.
You are constricted.
* * * LOW HITPOINT WARNING * * *
The grasping roots release their grip on you.
You feel better. Something completely misses you.
You completely miss something. Something hits you but does no damage.
You completely miss something. Something hits you.
You barely miss something. Something hits you.
You hear a zap.
The roots erupt in riotous growth!
The grasping roots grab you!
You are constricted.
* * * LOW HITPOINT WARNING * * *
You barely miss something. Something hits you.
* * * LOW HITPOINT WARNING * * *
You are constricted.
* * * LOW HITPOINT WARNING * * *
A hobgoblin comes into view.
You feel better. Something hits you.
* * * LOW HITPOINT WARNING * * *
You are constricted.
You die...

...............###.
..................J##
..##.##....###..#.... ...#..
#..................J# ...!..
#.##.##...........#.# .#....
..##.##..#.....##..†###....##
.....##..#.....#
#..[.........
...............###K..#.......
#.##.##.........@{r...g.##.#
...........###.###....†...<#
..##.##.#### #........)....#
..##.##.# ##.##.........#
.....##.# #.##.........#
..#####.# .##.###.....#
..#####.# .##.# #..##.#
......#.###### .##.# #..# .#
.............# #... .


You could see a hobgoblin, a kobold and a rat.

Vanquished Creatures
  3 dart slugs
  A ball python (D:1)
  5 endoplasms
  3 giant cockroaches
  A goblin (D:2)
  A hobgoblin (D:2)
  6 jackals (D:1)
  A quokka (D:1)
  3 bats
  A kobold (D:1)
  2 rats (D:1)
27 creatures vanquished.

Notes
Turn   | Place    | Note
-------+----------+-------------------------------------------
     0 | D:1      | retardedninja the Gargoyle Fighter began the quest for the
                  | Orb.
     0 | D:1      | Reached XP level 1. HP: 14/14 MP: 1/1
   198 | D:1      | Reached XP level 2. HP: 15/19 MP: 2/2
  1146 | D:1      | Reached XP level 3. HP: 23/23 MP: 3/3
  1987 | D:2      | Noticed Terence
  2000 | D:2      | HP: 1/23 [something (3)]
  2013 | D:2      | HP: 1/23 [something (2)]
  2014 | D:2      | Constricted to death by Terence

Illustrated notes

Levels and vault maps discovered:
D:1:      nzn_arrival_water_spiral, layout_basic, serial_co_window_serial,
          co_window_paths_a, co_window_paths_b, co_window_corner_a,
          co_window_corner_a, co_window_paths_a, co_window_2corner,
          co_window_corner_b, co_window_broadway_a, co_window_corner_b,
          co_window_cross_4, co_window_unsneaky_path_d, co_window_4corner_b,
          co_window_paths_e, dk_noncrumbling_3
D:2:      layout_basic, minmay_fractal_squares_5, uniq_terence

Action                   || total
-------------------------++-------
Melee: Flail             ||    61
Throw: Boomerang         ||    56
  Use: Potion            ||     5
Armor: Scale mail        ||    56
Dodge: Dodged            ||    37
Block: Buckler           ||    17
